Map: Newkirk Precinct TE (Void)

Players

HeRoMaRinE - Winner!

  • Race: Terran Terran
  • Spawn Location: 5:00

Solar

  • Race: Zerg Zerg
  • Spawn Location: 7:00

Event: IEM XI Katowice - World Championship 2017

VOD

Have the link to the VOD?

Description

Time

  • Played on: March 2, 2017, 4:56 a.m.
  • Length: 14:07

All games in this series

Show
View Real Time Build Order
Export as new Build Order

HeRoMaRinE Terran - Winner!

Build Orders: Reaper Expand, MMM Bio 

Get SALT Encoding   

  12  0:00  SCV  
  13  0:12  SCV  
  14  0:18  Supply Depot  
  14  0:25  SCV  
  15  0:40  SCV  
  15  0:42  Barracks  
  16  0:45  Refinery  
  16  0:52  SCV  
  17  1:04  SCV  
  18  1:16  SCV  
  19  1:29  Reaper, Orbital Command  
  20  1:42  Command Center  
  20  1:55  SCV  
  20  1:56  Supply Depot  
  20  2:01  Marine  
  22  2:07  SCV  
  23  2:19  SCV  
  23  2:20  Factory  
  23  2:22  Barracks Reactor  
  24  2:31  SCV  
  25  2:40  Command Center  
  25  2:43  SCV  
  26  2:55  SCV, Orbital Command  
  27  3:07  SCV  
  27  3:09  Barracks Tech Lab  
  27  3:10  Hellion x2  
  32  3:19  SCV  
  33  3:20  SCV  
  34  3:27  Marine  
  34  3:28  Stimpack  
  34  3:31  SCV  
  34  3:32  Hellion x2, SCV  
  41  3:43  Supply Depot, SCV  
  41  3:44  SCV  
  41  3:45  Marine  
  44  3:57  SCV x2  
  44  3:58  Factory Reactor, Barracks  
  44  3:59  Orbital Command  
  44  4:00  Barracks  
  46  4:03  Marine  
  46  4:09  SCV x2  
  49  4:11  Refinery  
  49  4:21  Marine, SCV x2  
  52  4:24  Engineering Bay  
  52  4:25  Engineering Bay  
  52  4:27  SCV  
  53  4:33  Supply Depot, SCV x2  
  55  4:39  Marine, SCV  
  55  4:41  Refinery x2  
  55  4:45  SCV x2, Factory Reactor  
  59  4:46  Marine x2  
  59  4:50  Starport  
  59  4:51  SCV  
  62  4:54  Marine  
  62  4:55  Marine  
  62  4:57  SCV x2  
  62  4:59  Marine  
  66  5:04  Marine, Terran Infantry Weapons Level 1  
  68  5:07  Terran Infantry Armor Level 1  
  68  5:09  SCV x2, Orbital Command  
  68  5:11  Supply Depot  
  68  5:13  Marine  
  68  5:14  Marine  
  70  5:16  Marine, Supply Depot  
  72  5:21  SCV x2  
  72  5:26  Marine x2  
  76  5:33  SCV, Medivac x2  
  76  5:34  SCV  
  82  5:36  SCV  
  82  5:39  Supply Depot x2, Marine  
  82  5:41  Factory Reactor  
  84  5:43  Combat Shields  
  84  5:45  SCV  
  84  5:46  Marine x2  
  84  5:47  Marine x2  
  89  5:50  SCV  
  89  5:52  SCV  
  89  5:54  Supply Depot  
  91  5:57  Supply Depot  
  91  5:58  Marine, SCV  
  91  6:02  SCV  
  94  6:08  SCV  
  94  6:09  Barracks x2  
  94  6:10  Marine x2, SCV  
  98  6:11  Marine  
  98  6:12  Marine  
  98  6:14  SCV  
  98  6:15  Medivac  
  98  6:16  Medivac  
  98  6:18  Marine  
  106  6:24  Armory, Widow Mine x2  
  110  6:27  Bunker  
  110  6:28  Marine  
  110  6:29  Marine  
  110  6:30  Supply Depot  
  110  6:31  SCV x2  
  114  6:34  SCV  
  114  6:35  Marine x2  
  114  6:38  Refinery  
  117  6:42  Marine  
  117  6:43  SCV  
  117  6:44  SCV  
  117  6:46  Marine x2  
  121  6:53  Marine x2, Widow Mine x2  
  123  7:00  Marine  
  126  7:04  Marine x2  
  128  7:08  Barracks  
  128  7:09  Barracks Reactor, Barracks  
  128  7:10  Marine x2, Terran Infantry Weapons Level 2, Barracks Reactor, Terran Infantry Armor Level 2, Barracks  
  128  7:18  Marine  
  128  7:21  Widow Mine x2  
  133  7:23  Marine  
  133  7:27  Marine  
  133  7:30  Marine  
  133  7:32  Marauder, Medivac  
  133  7:33  Medivac  
  133  7:36  Marine  
  124  7:41  Marine  
  122  7:44  Marine  
  122  7:48  Supply Depot, Marine  
  122  7:49  Supply Depot x2  
  122  7:50  Widow Mine x2  
  128  7:52  Marine  
  128  7:54  Marine  
  128  7:55  Marine, Sensor Tower  
  128  7:56  Marine, Barracks Tech Lab, Barracks Reactor  
  132  7:58  Supply Depot  
  132  7:59  Marine  
  132  8:01  Barracks Tech Lab  
  133  8:09  Marine x4  
  133  8:10  Marine, Medivac x2  
  133  8:11  Supply Depot x2, Marine  
  143  8:13  Marine x2  
  143  8:16  Marauder  
  147  8:22  Marine x2  
  148  8:27  Marine x3  
  148  8:28  Marine  
  148  8:29  Missile Turret, Marauder  
  148  8:31  Widow Mine x2  
  157  8:36  Marine x2  
  157  8:37  Marine x2, Marauder  
  157  8:40  Marauder  
  165  8:41  Marine x2  
  165  8:47  Marine  
  165  8:48  Marine, Supply Depot  
  169  8:49  Supply Depot  
  169  8:50  Marine x2, Marauder, Command Center  
  169  8:54  Marine x2  
  169  8:55  Marine x2  
  176  8:59  Marine x2, Widow Mine  
  180  9:08  Supply Depot  
  180  9:09  Supply Depot, Widow Mine  
  182  9:10  Supply Depot  
  182  9:13  Marine x2  
  182  9:15  Marine x4, Marauder  
  190  9:20  Marine x2  
  190  9:23  Marine x2  
  194  9:27  Marine x2  
  194  9:29  Widow Mine  
  194  9:30  Terran Infantry Weapons Level 3  
  198  9:35  Marine  
  198  9:36  Marine  
  200  9:42  Terran Infantry Armor Level 3  
  194  9:50  Marine  
  194  9:51  Marine  
  179  9:56  Marine  
  179  9:57  Marine  
  179  9:58  Widow Mine x2  
  151  10:00  Marine  
  151  10:01  Marine x3, Marauder x2  
  151  10:02  Marine  
  151  10:03  Marine  
  151  10:04  Marauder  
  149  10:08  Marine x2  
  149  10:10  Medivac x2  
  155  10:14  Marine  
  155  10:15  Marine  
  155  10:18  Marine x2  
  155  10:19  Marine x2  
  155  10:20  Marine x2  
  163  10:22  Marauder  
  163  10:26  Widow Mine  
  163  10:28  Marine x2  
  152  10:36  Liberator x2  
  126  10:43  Marine x3  
  126  10:44  Marine x2, Marauder x3  
  126  10:45  Marine x2  
  126  10:49  Planetary Fortress  
  139  10:50  Marine  
  139  10:51  Marine x2  
  139  10:55  Widow Mine  
  150  11:00  Widow Mine  
  150  11:01  Marine x3  
  150  11:03  Marine x2  
  157  11:07  Marine x2  
  157  11:09  Marine, Marauder  
  164  11:11  Marauder  
  164  11:13  Marine, Marauder  
  164  11:14  Marine  
  168  11:19  Liberator x2, Marine x3  
  171  11:29  Starport  
  171  11:30  Marauder  
  175  11:33  Marauder  
  175  11:36  Marauder  
  178  11:44  Marine  
  178  11:45  Marine  
  178  11:46  Marine x2  
  181  11:47  SCV  
  181  11:48  Concussive Shells, Marine  
  181  11:49  Marine  
  181  11:51  Marauder  
  184  11:54  Marauder  
  184  11:56  Marine  
  184  11:57  Marine  
  186  12:02  Liberator x2  
  186  12:03  Marine x3  
  168  12:09  Widow Mine x2, Unknown x4  
  168  12:13  Marauder x2  
  172  12:17  Marauder  
  180  12:28  Marine x3  
  180  12:29  Marine x6  
  175  12:30  Starport Reactor  
  175  12:32  Marine  
  175  12:34  Marauder x2  
  179  12:37  Marine  
  179  12:39  Command Center  
  170  12:45  Liberator  
  170  12:46  Marine x3  
  170  12:47  Marine x2  
  170  12:49  Marine  
  172  12:52  Marine x3  
  172  12:55  Marauder  
  172  12:56  Marine, Marauder x2  
  182  13:04  Marine x2  
  190  13:15  Marine x2  
  190  13:16  Marine  
  190  13:17  Marine x4, Marauder  
  190  13:18  Marine  
  197  13:20  Medivac  
  197  13:25  Marine  
  200  13:33  Marauder  
  179  13:35  Marauder  
  182  13:42  Marauder  
  182  13:43  Marine x6  
  182  13:44  Marine x3  
  182  13:47  Marine  
  196  14:06  Missile Turret  
Show
View Real Time Build Order
Export as new Build Order

Solar Zerg 

Build Orders: Hatch First 

Get SALT Encoding   

  12  0:00  Drone  
  13  0:13  Overlord  
  13  0:18  Drone  
  14  0:32  Drone x2  
  16  0:36  Drone  
  17  0:54  Hatchery  
  17  0:56  Drone  
  17  0:58  Drone  
  18  1:04  Extractor  
  17  1:13  Spawning Pool  
  17  1:16  Drone  
  17  1:20  Drone  
  18  1:30  Drone  
  19  1:39  Overlord  
  19  2:00  Zergling x2, Queen  
  23  2:01  Zergling x2  
  23  2:05  Queen  
  23  2:06  Metabolic Boost  
  25  2:11  Zergling x2  
  25  2:15  Drone  
  27  2:19  Drone  
  28  2:23  Drone  
  28  2:28  Drone  
  30  2:36  Drone  
  31  2:38  Drone  
  31  2:41  Queen  
  31  2:44  Pneumatized Carapace  
  34  2:48  Overlord  
  34  2:53  Drone  
  34  2:55  Drone  
  36  3:07  Drone x2  
  36  3:09  Drone x3  
  36  3:11  Overlord  
  41  3:14  Drone  
  41  3:15  Drone  
  43  3:28  Hatchery  
  43  3:30  Drone  
  43  3:31  Drone  
  43  3:34  Drone  
  45  3:35  Drone  
  45  3:39  Overlord  
  46  3:42  Drone  
  46  3:43  Drone  
  46  3:45  Drone  
  46  3:46  Drone  
  50  3:51  Queen  
  52  3:58  Drone x2  
  52  4:01  Overlord, Extractor  
  53  4:07  Drone x2  
  53  4:08  Evolution Chamber x2  
  53  4:09  Drone x2  
  55  4:18  Drone x2  
  57  4:27  Queen, Drone x4  
  63  4:32  Overlord  
  63  4:36  Zerg Ground Armor Level 1  
  63  4:39  Drone  
  63  4:40  Drone  
  63  4:43  Zerg Melee Weapons Level 1  
  63  4:44  Drone x2  
  63  4:45  Drone  
  68  4:46  Drone  
  68  4:51  Drone  
  70  4:53  Drone x2  
  70  4:59  Drone x3  
  75  5:01  Drone  
  75  5:04  Drone  
  75  5:06  Lair  
  77  5:08  Drone  
  77  5:10  Extractor  
  77  5:15  Hatchery, Extractor, Drone x2  
  77  5:16  Baneling Nest  
  77  5:18  Drone  
  77  5:21  Drone  
  78  5:30  Overlord  
  78  5:31  Zergling x6, Hatchery  
  78  5:32  Zergling x2  
  81  5:36  Zergling x2  
  81  5:38  Overlord  
  81  5:40  Overlord  
  81  5:42  Overlord  
  82  5:44  Overlord  
  82  5:53  Drone x2  
  82  5:54  Zergling x12  
  90  5:57  Overlord  
  90  5:59  Zergling x2  
  90  6:01  Baneling x3  
  90  6:02  Baneling x2  
  90  6:03  Zergling x4  
  93  6:05  Queen  
  93  6:09  Zergling x8  
  99  6:13  Centrifical Hooks  
  99  6:14  Overseer  
  99  6:16  Zergling x2, Baneling x2  
  99  6:17  Zergling x6  
  103  6:20  Baneling x2  
  103  6:21  Zergling x2  
  103  6:24  Zergling x2  
  105  6:27  Zergling x8  
  105  6:31  Zergling x2  
  110  6:36  Drone  
  110  6:37  Zerg Ground Armor Level 2, Drone  
  110  6:38  Zergling x10  
  117  6:43  Zerg Melee Weapons Level 2  
  116  6:50  Spawning Pool  
  115  6:55  Drone x3  
  115  6:58  Drone x3  
  121  7:03  Overlord  
  119  7:08  Overlord  
  119  7:09  Drone  
  119  7:13  Drone x2  
  122  7:19  Baneling  
  119  7:25  Baneling x5  
  119  7:27  Baneling x4  
  119  7:28  Baneling x2  
  103  7:38  Queen, Overseer  
  103  7:39  Zergling x2  
  103  7:40  Zergling x28  
  117  7:46  Queen  
  117  7:50  Zergling x20  
  129  7:52  Infestation Pit, Baneling x8  
  129  7:53  Zergling x2  
  129  7:57  Overlord  
  129  7:58  Zergling x2  
  129  7:59  Zergling x4  
  129  8:02  Zergling x8  
  129  8:05  Baneling x2  
  136  8:11  Zergling x2  
  136  8:12  Zergling x4  
  139  8:16  Zergling x4  
  139  8:17  Zergling x6  
  139  8:18  Overlord x2  
  139  8:19  Zergling x2  
  145  8:20  Zergling x8  
  145  8:26  Overlord  
  149  8:32  Overlord, Baneling x3  
  146  8:34  Zergling x4  
  146  8:35  Zergling x4  
  146  8:37  Zergling x10  
  146  8:38  Hive  
  146  8:39  Extractor  
  154  8:42  Overlord  
  154  8:44  Zergling x2  
  154  8:45  Zergling x2  
  156  8:53  Zergling x2  
  156  8:54  Zergling x20  
  166  8:57  Zergling x4  
  166  9:00  Zergling x2, Hatchery  
  162  9:06  Baneling x8  
  162  9:07  Baneling x6  
  162  9:09  Zergling x10  
  167  9:13  Overlord  
  167  9:14  Zergling x6  
  168  9:19  Baneling x2  
  168  9:20  Zergling x14  
  175  9:25  Zergling x2  
  175  9:26  Zergling x4  
  178  9:31  Zergling x4  
  178  9:32  Zergling x4  
  178  9:36  Baneling x3  
  182  9:40  Zergling x2  
  182  9:41  Zergling x10  
  185  9:47  Zergling x10  
  185  9:51  Zergling x10  
  176  9:53  Baneling x15  
  176  9:57  Hatchery  
  176  9:58  Zergling x12  
  148  10:04  Zergling x2  
  148  10:05  Zergling x2  
  127  10:09  Adrenal Glands  
  127  10:10  Ultralisk Cavern  
  126  10:14  Baneling  
  126  10:15  Zergling x2, Baneling x6  
  126  10:16  Zergling x14  
  126  10:18  Baneling  
  126  10:19  Zergling x4  
  136  10:25  Zergling x10  
  136  10:26  Baneling  
  136  10:27  Baneling x4  
  124  10:35  Zergling x2  
  124  10:36  Zergling x8  
  124  10:40  Zergling x2  
  111  10:45  Zergling x24  
  111  10:48  Baneling x2  
  111  10:49  Baneling x3  
  123  10:51  Zergling x8  
  123  10:56  Zergling x8, Chitinous Plating  
  131  10:59  Overlord  
  131  11:05  Ultralisk  
  131  11:06  Baneling x2  
  131  11:07  Baneling  
  131  11:08  Zergling x2, Extractor  
  131  11:09  Zergling x6  
  140  11:11  Baneling x2  
  140  11:15  Zergling x2  
  140  11:16  Zergling x6  
  144  11:26  Ultralisk, Zergling x16  
  144  11:31  Overlord  
  157  11:33  Baneling x4  
  157  11:35  Zergling x6  
  154  11:40  Zergling x2  
  154  11:41  Zergling x8  
  154  11:46  Drone x4  
  153  11:53  Baneling x3  
  151  11:54  Zergling x2  
  151  11:55  Zergling x8  
  151  11:59  Baneling x4  
  151  12:00  Baneling x3  
  156  12:03  Zergling x2  
  156  12:04  Zergling x6  
  141  12:11  Zergling x14  
  141  12:13  Zergling x4  
  148  12:20  Spire  
  148  12:22  Zergling x8  
  149  12:27  Zergling x2  
  149  12:28  Overseer  
  149  12:29  Baneling  
  134  12:30  Baneling x8  
  134  12:33  Viper  
  134  12:37  Baneling x3  
  137  12:38  Zergling x8  
  129  12:44  Zergling x10  
  129  12:48  Zergling x6  
  129  12:49  Zergling x2  
  129  12:50  Zergling x2  
  116  13:05  Baneling x2  
  116  13:06  Baneling x7  
  116  13:07  Hatchery  
  115  13:15  Ultralisk  
  115  13:17  Zergling x2  
  115  13:18  Zergling x2  
  122  13:20  Zergling x2  
  122  13:21  Zergling x2  
  122  13:23  Baneling x3  
  123  13:32  Zergling x8  
  113  13:36  Zergling x2  
  113  13:38  Zergling x2  
  113  13:39  Zergling x2  
  111  13:42  Zergling x2  
  111  13:46  Zergling x2  
  108  13:50  Zergling x4  

Tags
 
Add a new tag
Caveats
  • Supply blocks, unpowered buildings, or Contaminate may cause inaccurate times.
  • Supply counts are checked every 10 seconds.